 Dungeon Crawl Stone Soup version 0.29.1-2-gbd0b4ee654 (webtiles) character file.

Game seed: 6793656119855999729

12380 Avanven the Purveyor of Pain (level 11, -6/68 HPs)
             Began as a Mummy Necromancer on Nov 5, 2022.
             Was an Initiate of Kikubaaqudgha.
             Mangled by an eight-headed hydra (9 damage)
             ... on level 1 of the Lair of Beasts.
             The game lasted 01:03:02 (14222 turns).

Avanven the Purveyor of Pain (Mummy Necromancer)   Turns: 14222, Time: 01:03:03

Health: -6/68      AC:  9    Str: 15    XL:     11   Next: 61%
Magic:  1/25       EV: 12    Int: 18    God:    Kikubaaqudgha [......]
Gold:   822        SH:  0    Dex: 16    Spells: 9/30 levels left

rFire   . . .      SeeInvis +   e - +7 hand axe "Wiofigu" {vorpal, Dex+3 SInv}
rCold   + . .      Faith    .   (no shield)
rNeg    + + +      Spirit   .   k - +2 robe "Isheirph" {Str+3}
rPois   ∞          Reflect  .   (no helmet)
rElec   .          Harm     .   a - +2 cloak {Stlth+}
rCorr   .          Rampage  .   j - +0 pair of gloves
Will    +....                   h - +0 pair of boots
Stlth   +++.......              (no amulet)
HPRegen 0.21/turn               n - ring of protection from fire
MPRegen 0.19/turn               l - ring of wizardry

@: no status effects
A: cold resistance 1, negative energy resistance 3, torment resistance 2, heat
vulnerability 1, in touch with death 1, no potions
a: Renounce Religion


You were on level 1 of the Lair of Beasts.
You worshipped Kikubaaqudgha.
Kikubaaqudgha was noncommittal.
You visited 3 branches of the dungeon, and saw 11 of its levels.
You also visited: Bailey.

You collected 822 gold pieces.

Inventory:

Hand Weapons
 e - the +7 hand axe "Wiofigu" (weapon) {vorpal, Dex+3 SInv}
   (You found it on level 2 of the Dungeon)

   It inflicts extra damage upon your enemies.
   Dex:       It affects your dexterity (+3).
   SInv:      It lets you see invisible.
Armour
 a - a +2 cloak of stealth (worn)
 h - a +0 pair of boots (worn)
 j - a +0 pair of gloves (worn)
 k - the +2 robe "Isheirph" (worn) {Str+3}
   (You found it on level 4 of the Dungeon)

   Str:       It affects your strength (+3).
Jewellery
 d - a +6 ring of intelligence
 l - a ring of wizardry (right hand)
 n - a ring of protection from fire (left hand)
 p - a ring of fire
Wands
 f - a wand of iceblast (7)
 m - a wand of flame (9)
 q - a wand of charming (3)
 t - a wand of digging (5)
 u - a wand of polymorph (7)
Scrolls
 b - 2 scrolls of magic mapping
 g - 13 scrolls of identify
 i - 3 scrolls of amnesia
 o - 2 scrolls of enchant weapon
 v - 2 scrolls of enchant armour
 x - a scroll of teleportation {unknown}


   Skills:
 - Level 1.5 Dodging
 - Level 1.5 Stealth
 + Level 10.1 Spellcasting
 * Level 14.0 Necromancy
 + Level 8.5 Earth Magic


You had 9 spell levels left.
You knew the following spells:

 Your Spells              Type           Power      Damage    Failure   Level
a - Necrotise             Necr           100%       1d9       1%          1
b - Vampiric Draining     Necr           73%        2d11      1%          3
c - Animate Dead          Necr           73%        N/A       1%          4
d - Agony                 Necr           73%        N/A       1%          5
e - Sandblast             Erth           78%        2d17      1%          1
f - Stone Arrow           Conj/Erth      48%        3d10      1%          3
g - Petrify               Tmut/Erth      24%        N/A       6%          4

Your spell library contained the following spells:

 Spells                   Type           Power      Damage    Failure   Level
 Passwall                 Tmut/Erth      20%        N/A       1%          2
 Apportation              Tloc           18%        N/A       3%          1
 Magic Dart               Conj           36%        1d4       3%          1
 Shock                    Conj/Air       36%        1d5       3%          1
 Slow                     Hex            36%        N/A       3%          1
 Confusing Touch          Hex            9%         N/A       10%         3
 Conjure Flame            Conj/Fire      9%         6-21      10%         3
 Ignite Poison            Fire/Tmut/Pois 9%         N/A       10%         3
 Swiftness                Air            9%         N/A       10%         3
 Airstrike                Air            4%         2d(1-17)  30%         4
 Sticky Flame             Conj/Fire      9%         2d3       30%         4
 Alistair's Intoxication  Tmut/Pois      6%         N/A       61%         5
 Irradiate                Conj/Tmut      4%         3d13      61%         5
 Conjure Ball Lightning   Conj/Air       4%         3x3d6     99%         6
 Discord                  Hex            4%         N/A       100%        8
 Disjunction              Tloc           4%         N/A       100%        8
 Sublimation of Blood     Necr           Unusable   N/A       N/A         2

Dungeon Overview and Level Annotations

Branches:
Dungeon (9/15)             Temple (1/1) D:4            Lair (1/5) D:9
 Bailey (visited)
    Orc: D:9-12

Altars:
Ashenzari
Cheibriados
Dithmenos
Fedhas
Gozag
Hepliaklqana
Kikubaaqudgha
Makhleb
Nemelex Xobeh
Okawaru
Qazlal
Ru
Sif Muna
Trog
Uskayaw
Vehumet
Wu Jian
Xom
Yredelemnul

Shops:
D:8 :   D:9 :


Innate Abilities, Weirdness & Mutations

You are immune to poison.
Your flesh is cold resistant. (rC+)
You are immune to negative energy. (rN+++)
You are immune to unholy pain and torment.
You are vulnerable to heat. (rF-)
You are in touch with the powers of death.
You do not drink.


Message History

Aim: an eight-headed hydra (heavily wounded, 90% to hit)
The stone arrow hits the eight-headed hydra!
The eight-headed hydra is heavily wounded.
Casting: Stone Arrow (safe; 1% risk of failure)
Confirm with . or Enter, or press ? or * to list all spells.
Aiming: Stone Arrow (safe; 1% risk of failure)
Press: ? - help, Shift-Dir - straight line, f/p - eight-headed hydra
Aim: an eight-headed hydra (heavily wounded, 90% to hit)
The stone arrow hits the eight-headed hydra!
The eight-headed hydra is severely wounded.
Casting: Stone Arrow (safe; 1% risk of failure)
Confirm with . or Enter, or press ? or * to list all spells.
Aiming: Stone Arrow (safe; 1% risk of failure)
Press: ? - help, Shift-Dir - straight line, f/p - eight-headed hydra
Aim: an eight-headed hydra (severely wounded, 90% to hit)
The stone arrow misses the eight-headed hydra.
Casting: Stone Arrow (safe; 1% risk of failure)
Confirm with . or Enter, or press ? or * to list all spells.
Aiming: Stone Arrow (safe; 1% risk of failure)
Press: ? - help, Shift-Dir - straight line, f/p - eight-headed hydra
Aim: an eight-headed hydra (severely wounded, 90% to hit)
The stone arrow misses the eight-headed hydra.
The eight-headed hydra bites you! The eight-headed hydra bites you.
The eight-headed hydra misses you. x2
The eight-headed hydra bites you but does no damage.
The eight-headed hydra closely misses you.
The eight-headed hydra bites you! x2
The eight-headed hydra attacks as you move away!
The eight-headed hydra bites you!
The eight-headed hydra bites you but does no damage.
The eight-headed hydra closely misses you.
The eight-headed hydra bites you!
* * * LOW HITPOINT WARNING * * *
The eight-headed hydra bites you but does no damage.
The eight-headed hydra closely misses you.
The eight-headed hydra bites you!
* * * LOW HITPOINT WARNING * * *
The eight-headed hydra bites you!
You die...
Kikubaaqudgha rasps: "You have failed me!
Welcome... oblivion!"

#..........>......
##.÷÷....#........ #....####.##
#....# #!# #....## #.####
#.....###.##.# ####..#
#.....(.....## #........ #
####.....##.D#..# ..~##~#..~
.####.#..=....##@..## #.#≈≈~#..~
#..................# ##.~~~≈...~~
#..................###...~≈≈#..~~
#.#####..................####..~~
#.....#..........#.............#
##....#........#..............#
##...#.......#....####......##
#............#...# #......#
##...........##...# ##<.....#


You could see an eight-headed hydra.

Vanquished Creatures
  An ugly thing (D:7)
  2 manticores (D:7)
  2 elephants (Lair:1)
  A cane toad (D:9)
  2 komodo dragons
  Prince Ribbit (D:6)
  A blink frog (Lair:1)
  Sigmund (D:5)
  5 yaks
  4 wyverns (D:9)
  Duvessa (D:4)
  4 water moccasins
  7 orc warriors
  3 ice beasts
  2 sky beasts (D:7)
  An ogre (D:5)
  3 centaurs
  2 lemures (D:9)
  3 kobold brigands
  3 necrophages
  2 scorpions
  5 bullfrogs
  18 wights
  Dowan (D:4)
  3 killer bees (D:8)
  4 howler monkeys
  3 vampire bats (D:3)
  An electric eel (D:7)
  4 crimson imps (D:7)
  2 hounds
  4 orc priests
  An iguana (D:4)
  9 orc wizards
  Robin (D:2)
  3 adders
  2 shadow imps (D:7)
  2 white imps (D:7)
  5 dart slugs
  41 orcs
  9 ball pythons
  12 bats
  4 endoplasms
  4 giant cockroaches
  20 goblins
  8 hobgoblins
  4 jackals (D:3)
  18 kobolds
  A quokka (D:1)
  A ball python zombie (D:2)
  4 frilled lizards
  6 rats
251 creatures vanquished.

Vanquished Creatures (collateral kills)
  Pikel (D:9)
  A komodo dragon (D:9)
  A slime creature (D:7)
  2 blink frogs (Lair:1)
  A wraith (D:7)
  5 yaks
  A steam dragon (D:9)
  An ice beast (D:5)
  A centaur (D:9)
  2 lemures (D:9)
  A kobold brigand (D:7)
  2 necrophages
  2 scorpions
  2 howler monkeys (D:9)
  A jelly (D:7)
  A hound (D:3)
  2 orc priests (D:7)
  An iguana (D:7)
  4 orcs
  A bat (D:1)
  A kobold (D:8)
34 creatures vanquished.

Vanquished Creatures (others)
  A slime creature zombie (D:7)
  3 blink frog zombies (Lair:1)
  A komodo dragon zombie (Lair:1)
  2 water moccasin zombies
  5 yak zombies
  A centaur zombie (D:6)
  2 bullfrog zombies
  An ice beast zombie (D:7)
  An elf zombie (D:4)
  A jelly zombie (D:7)
  12 orc zombies
  4 goblin zombies (D:7)
  5 kobold zombies (D:9)
  2 fungi (Lair:1)
  12 plants
  4 toadstools (D:1)
57 creatures vanquished.

Grand Total: 342 creatures vanquished

Notes
Turn   | Place    | Note
-------+----------+-------------------------------------------
     0 | D:1      | Avanven the Mummy Necromancer began the quest for the Orb.
     0 | D:1      | Reached XP level 1. HP: 13/13 MP: 4/4
   297 | D:1      | Reached XP level 2. HP: 19/19 MP: 3/5
   656 | D:1      | Found a faded altar of an unknown god.
  1043 | D:2      | Gained mutation: You are in touch with the powers of death.
                  | [Mummy growth]
  1043 | D:2      | Reached XP level 3. HP: 24/24 MP: 4/7
  1248 | D:2      | Identified the +7 hand axe "Wiofigu" {vorpal, Dex+3 SInv}
  1484 | D:2      | Noticed Robin
  1498 | D:2      | Reached skill level 5 in Necromancy
  1508 | D:2      | Killed Robin
  1624 | D:2      | Learned a level 3 spell: Vampiric Draining
  2125 | D:3      | Reached XP level 4. HP: 30/30 MP: 6/9
  2856 | D:3      | Reached XP level 5. HP: 18/35 MP: 4/11
  3396 | D:3      | Reached skill level 6 in Necromancy
  3453 | D:3      | Reached XP level 6. HP: 34/41 MP: 10/13
  3577 | D:3      | Learned a level 4 spell: Animate Dead
  3673 | D:4      | Noticed Duvessa
  3673 | D:4      | Noticed Dowan
  3688 | D:4      | Killed Duvessa
  3689 | D:4      | Reached skill level 5 in Spellcasting
  3689 | D:4      | Reached skill level 7 in Necromancy
  3691 | D:4      | Killed Dowan
  3804 | D:4      | Reached XP level 7. HP: 37/46 MP: 8/15
  3952 | D:4      | Found a burning altar of Makhleb.
  4034 | D:4      | Found a staircase to the Ecumenical Temple.
  4036 | D:4      | Your ally Duvessa died
  4043 | Temple   | Entered the Ecumenical Temple
  4582 | D:4      | Identified the +2 robe "Isheirph" {Str+3}
  4973 | D:5      | Entered Level 5 of the Dungeon
  5065 | D:5      | Noticed Sigmund
  5075 | D:5      | Killed Sigmund
  5076 | D:5      | Reached skill level 8 in Necromancy
  5133 | D:5      | Reached XP level 8. HP: 34/52 MP: 5/18
  5136 | D:5      | Reached skill level 9 in Necromancy
  5304 | D:5      | Learned a level 5 spell: Agony
  6203 | D:6      | Found a hide-covered altar of Uskayaw.
  6411 | D:6      | Noticed Prince Ribbit
  6431 | D:6      | Killed Prince Ribbit
  6432 | D:6      | Reached skill level 10 in Necromancy
  6586 | D:6      | Learned a level 1 spell: Sandblast
  6660 | D:7      | Found a flagged portal.
  6678 | D:7      | Reached skill level 1 in Earth Magic
  6680 | D:7      | Reached XP level 9. HP: 44/57 MP: 9/21
  6694 | D:7      | Found an iron altar of Okawaru.
  6712 | D:7      | Found a shimmering altar of Xom.
  6868 | Bailey   | Entered a bailey
  7472 | Bailey   | Learned a level 3 spell: Stone Arrow
  7655 | D:7      | Found a bloodstained altar of Trog.
  7696 | D:7      | Noticed a green ugly thing
  7696 | D:7      | Noticed a manticore
  7697 | D:7      | Noticed a manticore
  7749 | D:7      | Found an opulent altar of Gozag.
  7759 | D:7      | Found a broken altar of Ashenzari.
  7917 | D:7      | Reached skill level 5 in Earth Magic
  7925 | D:7      | Killed a manticore
  7956 | D:7      | Reached skill level 11 in Necromancy
  8474 | D:7      | Killed a green ugly thing
  8675 | D:7      | Killed a manticore
  8676 | D:7      | Reached XP level 10. HP: 23/63 MP: 2/22
  9338 | D:7      | Found a faded altar of an unknown god.
  9340 | D:7      | Found a faded altar of an unknown god.
  9342 | D:7      | Found a hazy altar of Hepliaklqana.
  9344 | D:7      | Found a faded altar of an unknown god.
  9544 | D:8      | Found the +6 lightning scales {swift, rElec}
  9618 | D:8      | Reached skill level 12 in Necromancy
  9730 | D:8      | Found Watuqot's Book Shoppe.
 11039 | D:9      | Noticed Pikel
 11744 | D:9      | Learned a level 4 spell: Petrify
 11779 | D:9      | Found Mofiot's Tremendous Tomes.
 11832 | D:9      | Reached XP level 11. HP: 68/68 MP: 15/23
 11901 | D:9      | Reached skill level 13 in Necromancy
 12091 | D:9      | Found a staircase to the Lair.
 12494 | D:9      | Killed Pikel
 12558 | D:9      | Found a radiant altar of Vehumet.
 12561 | D:9      | Got Vehumet's Almanac of Conjuration
 12563 | D:9      | Found an ancient bone altar of Kikubaaqudgha.
 12564 | D:9      | Found a shimmering blue altar of Sif Muna.
 12571 | D:9      | Became a worshipper of Kikubaaqudgha
 12896 | Lair:1   | Entered Level 1 of the Lair of Beasts
 13965 | Lair:1   | Reached skill level 10 in Spellcasting
 14052 | Lair:1   | Reached skill level 14 in Necromancy
 14198 | Lair:1   | Noticed an eight-headed hydra
 14222 | Lair:1   | HP: 3/68 [eight-headed hydra (14)]
 14222 | Lair:1   | Mangled by an eight-headed hydra

Illustrated notes

Levels and vault maps discovered:
D:1:      ldierk_walled_garden_2, layout_rooms,
          nicolae_ecumenical_snake_handling, minmay_pentomino_t4
D:2:      layout_loops_corners, serial_undead, serial_undead_d, serial_undead_b,
          serial_undead_f, serial_undead_a, serial_bayou_lagoon_b, uniq_robin
D:3:      layout_basic, roderic_batcave, kennysheep_generic_room_3
D:4:      layout_basic, amcnicky_altar_gilded, lemuel_temple_firewalk_b,
          kennysheep_path_1, uniq_duvessa
D:5:      layout_rooms, minivault_24, kennysheep_big_empty_room, uniq_sigmund
D:6:      layout_loops_corners, kennysheep_little_box, uniq_prince_ribbit1
D:7:      nzn_winding_woodlands_small
          [nzn_winding_woodlands_5x15_river_crossing,
          nzn_winding_woodlands_center_pierced_h,
          nzn_winding_woodlands_5x15_garden], layout_rooms, good_gods_temple_1,
          mainiacjoe_overflow_large_starburst, bloody_trog,
          nicolae_hepliaklqana_ecumenical_no_more, led_xom_imps,
          okawaru_metal_pillars_1_2, enter_bailey_5, nicolae_figureground_pulse
D:8:      layout_loops_ring, serial_shops, shop
D:9:      layout_irregular_city, grunt_temple_overflow_magic_moments,
          erik_lair_dragon, nicolae_shop_i_like_big_books,
          corexii_leaking_fountain, uniq_pikel
Temple:   hellmonk_temple_beads
Lair:1:   layout_gridlike, serial_rivers, chequers_serial_rivers_room_a,
          chequers_serial_rivers_small_b, chequers_serial_rivers_micro_c,
          chequers_serial_rivers_room_a, chequers_serial_rivers_large_a,
          chequers_serial_rivers_micro_c

Skill      XL: |  1  2  3  4  5  6  7  8  9 10 11 |
---------------+----------------------------------+-----
Spellcasting   | 3 4 5 6 8 10 | 10.1
Necromancy     | 5 6 7 8 10 11 12 14 | 14.0
Earth Magic    | 1 6 7 8 |  8.5
Dodging        | |  1.5
Stealth        | |  1.5

Action                   |  1- 3 |  4- 6 |  7- 9 | 10-12 || total
-------------------------+-------+-------+-------+-------++-------
Melee: Unarmed           |    30 |       |       |       ||    30
       Punch             |     1 |       |     2 |     2 ||     5
       Hand axe          |    16 |    34 |   137 |    83 ||   270
 Cast: Necrotise         |    64 |    55 |    38 |       ||   157
       Vampiric Draining |       |     3 |    38 |    58 ||    99
       Animate Dead      |       |     1 |    11 |     8 ||    20
       Agony             |       |       |     5 |     2 ||     7
       Sandblast         |       |       |    45 |    70 ||   115
       Stone Arrow       |       |       |     9 |    66 ||    75
       Petrify           |       |       |       |     7 ||     7
Evoke: Wand              |       |       |     5 |       ||     5
  Use: Scroll            |     4 |     6 |     7 |     5 ||    22
 Stab: Distracted        |       |       |     1 |     1 ||     2
       Sleeping          |       |       |       |     1 ||     1
       Petrified         |       |       |       |     4 ||     4
Armor: Robe              |    12 |    35 |   100 |    89 ||   236
Dodge: Dodged            |    47 |    45 |   165 |   143 ||   400
